 Dungeon Crawl Stone Soup version 0.29.1-1-gd02db6906a (webtiles) character file.

Game seed: 13166216940100526922

11775 virigoth the Nimble (level 11, -7/52 HPs)
             Began as a Spriggan Enchanter on Sept 23, 2022.
             Was a Priest of Dithmenos.
             Mangled by a death knight
             ... wielding a +1 vorpal battleaxe
              (29 damage)
             ... on level 11 of the Dungeon.
             The game lasted 00:49:09 (14060 turns).

virigoth the Nimble (Spriggan Enchanter)           Turns: 14060, Time: 00:49:09

Health: -7/52      AC:  6    Str:  8    XL:     11   Next: 53%
Magic:  14/23      EV: 26    Int: 17    God:    Dithmenos [***...]
Gold:   660        SH:  0    Dex: 22    Spells: 15/25 levels left

rFire   + . .      SeeInvis +   v - +0 dagger (venom)
rCold   . . .      Faith    .   (no shield)
rNeg    . . .      Spirit   .   V - +0 acid dragon scales
rPois   .          Reflect  .   (helmet restricted)
rElec   .          Harm     .   N - scarf {shadows}
rCorr   +          Rampage  .   (gloves unavailable)
Will    +....                   (boots unavailable)
Stlth   +++++++...              (no amulet)
HPRegen 0.17/turn               y - ring of protection from fire
MPRegen 0.18/turn               Z - +6 ring of dexterity

@: wreathed by umbra, very quick
A: very small, no large weapons, unfitting armour, see invisible, speed 3
a: Renounce Religion, Shadow Step


You were on level 11 of the Dungeon.
You worshipped Dithmenos.
Dithmenos was most pleased with you.
You visited 2 branches of the dungeon, and saw 12 of its levels.

You collected 708 gold pieces.
You spent 48 gold pieces at shops.

Inventory:

Hand Weapons
 f - a +4 whip
 t - a +1 dagger
 v - a +0 dagger of venom (weapon)
 I - a +0 scimitar of flaming
Missiles
 U - 3 poisoned darts
Armour
 N - a scarf of shadows (worn)
 R - a +2 cloak
 V - +0 acid dragon scales (worn)
 X - the -2 cloak of the Dwarven Hall {Int+2}
   (You found it on level 6 of the Dungeon)

   Int:       It affects your intelligence (+2).
Magical Staves
 S - a staff of poison
Jewellery
 y - a ring of protection from fire (left hand)
 A - a ring of resist corrosion
 O - a +4 ring of protection
 P - a ring of willpower
 Z - a +6 ring of dexterity (right hand)
Wands
 G - a wand of roots (9)
 K - a wand of light (8)
Scrolls
 o - a scroll of blinking {unknown}
 r - a scroll of identify
 x - 8 scrolls of teleportation {!r}
 z - 2 scrolls of brand weapon
 B - 2 scrolls of enchant armour
 C - 3 scrolls of enchant weapon
 D - 2 scrolls of magic mapping {unknown}
 F - 4 scrolls of immolation {unknown}
 H - 3 scrolls of fear {unknown}
 J - a scroll of amnesia {unknown}
 L - a scroll of poison {unknown}
 M - a scroll of vulnerability {unknown}
 T - 2 scrolls of silence {unknown}
Potions
 c - 3 potions of invisibility
 p - 3 potions of brilliance
 q - 2 potions of haste {!q}
 s - 2 potions of heal wounds {!q}
 u - a potion of flight
 w - a potion of ambrosia {!q}
 E - 4 potions of curing {!q}
 Q - a potion of lignification {unknown}
 W - 2 potions of cancellation
 Y - a potion of berserk rage {unknown}


   Skills:
 + Level 3.0 Fighting
 + Level 9.4 Short Blades
 + Level 12.2 Dodging
 + Level 11.9 Stealth
 - Level 7.5 Spellcasting
 - Level 10.0 Hexes
 - Level 5.8 Translocations
 - Level 2.2 Ice Magic


You had 15 spell levels left.
You knew the following spells:

 Your Spells              Type           Power      Damage    Failure   Level
a - Ensorcelled Hibernat  Hex/Ice        54%        N/A       2%          2
b - Confusing Touch       Hex            40%        N/A       1%          3
c - Tukima's Dance        Hex            40%        N/A       1%          3
B - Blink                 Tloc           52%        N/A       2%          2

Your spell library contained the following spells:

 Spells                   Type           Power      Damage    Failure   Level
 Gell's Gravitas          Tloc           26%        N/A       5%          3
 Lesser Beckoning         Tloc           26%        N/A       5%          3
 Teleport Other           Tloc           26%        N/A       5%          3
 Dazzling Flash           Conj/Hex       46%        N/A       8%          3
 Passage of Golubria      Tloc           26%        N/A       19%         4
 Sting                    Tmut/Pois      24%        1d4       21%         1
 Manifold Assault         Tloc           26%        N/A       45%         5
 Silence                  Hex/Air        11%        N/A       56%         5
 Iskenderun's Battlesphe  Conj           6%         2d6       99%         5
 Iron Shot                Conj/Erth      3%         9d2       100%        6
 Spellforged Servitor     Conj/Summ      3%         N/A       100%        7
 Storm Form               Tmut/Air       3%         N/A       100%        7
 Lehudib's Crystal Spear  Conj/Erth      3%         10d2      100%        8


Dungeon Overview and Level Annotations

Branches:
Dungeon (11/15)            Temple (1/1) D:4             Orc (0/2) D:10
   Lair: D:8-11

Altars:
Ashenzari
Cheibriados
Dithmenos
Fedhas
Gozag
Hepliaklqana
Kikubaaqudgha
Nemelex Xobeh
Okawaru
Qazlal
Ru
Sif Muna
Uskayaw
Vehumet
Wu Jian
Xom
Yredelemnul
Zin

Shops:
D:1 ?=[

Annotations:
D:7 exclusion: door


Innate Abilities, Weirdness & Mutations

You are very small and have problems with some larger weapons.
You are too small for most types of armour.
You have supernaturally acute eyesight. (SInv)
You cover ground extremely quickly. (Speed+++)


Message History

Confirm with . or Enter, or press ? or * to list all spells.
Aiming: Ensorcelled Hibernation (safe; 2% risk of failure)
Press: ? - help, Shift-Dir - straight line, f/p - death knight
Aim: a death knight, wielding a +1 vorpal battleaxe and wearing a +0 chain mail (umbra, chance to affect: 12%)
The death knight resists with almost no effort.
Casting: Ensorcelled Hibernation (safe; 2% risk of failure)
Confirm with . or Enter, or press ? or * to list all spells.
Aiming: Ensorcelled Hibernation (safe; 2% risk of failure)
Press: ? - help, Shift-Dir - straight line, f/p - death knight
Aim: a death knight, wielding a +1 vorpal battleaxe and wearing a +0 chain mail (umbra, chance to affect: 12%)
The death knight resists with almost no effort.
Casting: Ensorcelled Hibernation (safe; 2% risk of failure)
Confirm with . or Enter, or press ? or * to list all spells.
Your hands begin to glow red.
The death knight hits you with a +1 vorpal battleaxe!
You hit the death knight but do no damage.
The death knight invokes the aid of Yredelemnul against you.
Your body is wracked with pain!
* * * LOW HITPOINT WARNING * * *
You hit the death knight but do no damage.
You hit the death knight but do no damage.
The death knight closely misses you.
You hit the death knight but do no damage.
The death knight appears confused.
You strike the helpless death knight from behind!
You perforate the death knight like a sieve!!!
The death knight looks as sick as possible!
The death knight is heavily wounded.
You hit the death knight but do no damage.
The death knight looks as sick as possible!
The death knight is heavily wounded.
You hit the death knight but do no damage.
The death knight looks as sick as possible!
The death knight is heavily wounded.
You hit the death knight but do no damage.
The death knight looks as sick as possible!
The death knight is heavily wounded.
The death knight hits you with a +1 vorpal battleaxe!!
Ouch! That really hurt!
You die...

#...###.#.#
#.#..####.####.
#.##.....⌠.....# ##
#.#..####.####....#
#...###)#.#.# ..#
#..###.##.# .###..#
#.....###.###.....#
#.....##...##.....#
##.#..#..#..#pi#
#..#...###...##
##..............#
################


You could see a death knight (confused, extremely poisoned).

Vanquished Creatures
  A centaur warrior (D:11)
  4 two-headed ogres
  Pikel (D:5)
  A cyclops (D:11)
  2 unseen horrors
  Maggie (D:6)
  Grinder (D:4)
  A shadow (D:10)
  2 wyverns (D:9)
  16 yaks
  A wraith (D:9)
  A basilisk (D:11)
  An ice beast (D:6)
  6 orc warriors
  5 black bears
  2 ogres
  A centaur (D:9)
  4 lemures (D:5)
  A phantom (D:7)
  A kobold brigand (D:8)
  5 bullfrogs
  A necrophage (D:5)
  Blork the orc (D:4)
  2 scorpions
  3 wights (D:7)
  20 killer bees
  An electric eel (D:9)
  A howler monkey (D:6)
  2 orc priests
  5 hounds
  A gnoll bouda (D:6)
  2 iguanas (D:4)
  4 orc wizards
  19 gnolls
  13 adders
  A shadow imp (D:6)
  2 white imps
  An ufetubus (D:4)
  A worm (D:2)
  2 dart slugs
  29 orcs
  9 endoplasms
  5 giant cockroaches
  9 goblins
  8 hobgoblins
  2 jackals (D:1)
  4 kobolds
  5 quokkas
  12 ball pythons
  4 bats
  4 frilled lizards
  6 rats
237 creatures vanquished.

Vanquished Creatures (collateral kills)
  An orc (D:9)
1 creature vanquished.

Vanquished Creatures (others)
  A fungus (D:1)
1 creature vanquished.

Grand Total: 239 creatures vanquished

Notes
Turn   | Place    | Note
-------+----------+-------------------------------------------
     0 | D:1      | virigoth the Spriggan Enchanter began the quest for the
                  | Orb.
     0 | D:1      | Reached XP level 1. HP: 9/9 MP: 5/5
    43 | D:1      | Found Siclec's Armour Boutique.
    89 | D:1      | Found Tekea's Jewellery Shoppe.
   487 | D:1      | Reached XP level 2. HP: 9/13 MP: 6/6
   769 | D:1      | Learned a level 2 spell: Ensorcelled Hibernation
  1216 | D:1      | Found a faded altar of an unknown god.
  1222 | D:1      | Reached skill level 5 in Stealth
  1228 | D:1      | Got Plato's Guide on Vitiation
  1448 | D:1      | Found Mextotid's Magic Scroll Shop.
  1454 | D:1      | Bought a scroll of teleportation for 36 gold pieces
  1454 | D:1      | Bought a scroll of noise for 12 gold pieces
  1655 | D:1      | Reached XP level 3. HP: 13/16 MP: 8/8
  2380 | D:2      | Reached XP level 4. HP: 18/21 MP: 0/9
  2559 | D:2      | Learned a level 3 spell: Confusing Touch
  2787 | D:2      | Reached skill level 1 in Ice Magic
  3264 | D:2      | Learned a level 2 spell: Blink
  3766 | D:3      | Reached skill level 1 in Translocations
  3786 | D:3      | Reached skill level 5 in Hexes
  3786 | D:3      | Reached XP level 5. HP: 24/24 MP: 10/10
  4782 | D:4      | Reached XP level 6. HP: 28/28 MP: 4/11
  4890 | D:4      | Noticed Grinder
  4912 | D:4      | Killed Grinder
  4953 | D:4      | Found a hazy altar of Hepliaklqana.
  4959 | D:4      | Noticed Blork the orc
  4966 | D:4      | Killed Blork the orc
  4967 | D:4      | Reached XP level 7. HP: 32/32 MP: 7/12
  5117 | D:4      | Found a staircase to the Ecumenical Temple.
  5123 | Temple   | Entered the Ecumenical Temple
  5192 | Temple   | Became a worshipper of Dithmenos the Shadowed
  5261 | D:5      | Entered Level 5 of the Dungeon
  5679 | D:4      | Found an ornate altar of the Wu Jian Council.
  5813 | D:5      | Noticed Pikel
  6254 | D:6      | Noticed Maggie
  6422 | D:5      | Reached * piety under Dithmenos
  6707 | D:5      | Killed Pikel
  6708 | D:5      | Reached skill level 5 in Short Blades
  6708 | D:5      | Reached skill level 10 in Stealth
  6708 | D:5      | Reached skill level 5 in Translocations
  6708 | D:5      | Reached XP level 8. HP: 29/36 MP: 7/13
  7055 | D:6      | Found an opulent altar of Gozag.
  7087 | D:6      | Reached skill level 3 in Dodging
  7290 | D:7      | Reached skill level 4 in Dodging
  7609 | D:7      | Reached XP level 9. HP: 39/39 MP: 15/15
  7614 | D:7      | Reached skill level 5 in Dodging
  7644 | D:7      | Reached skill level 6 in Dodging
  7963 | D:7      | Reached skill level 5 in Spellcasting
  8005 | D:7      | Reached skill level 7 in Dodging
  8115 | D:6      | Reached ** piety under Dithmenos
  8134 | D:6      | Killed Maggie
  8510 | D:6      | Identified the -2 cloak of the Dwarven Hall {Int+2}
  8756 | D:6      | Reached skill level 8 in Dodging
  9254 | D:7      | Found a shimmering blue altar of Sif Muna.
  9257 | D:7      | Found a sacrificial altar of Ru.
  9260 | D:7      | Found a stormy altar of Qazlal.
  9264 | D:7      | Found an ancient bone altar of Kikubaaqudgha.
  9565 | D:8      | Reached XP level 10. HP: 44/44 MP: 13/19
 10356 | D:8      | Found a sparkling altar of Nemelex Xobeh.
 10502 | D:9      | Reached skill level 9 in Dodging
 10773 | D:8      | Found a blossoming altar of Fedhas.
 11026 | D:9      | HP: 4/44 [poisoned by a killer bee]
 11155 | D:9      | Reached *** piety under Dithmenos
 12223 | D:9      | Reached skill level 10 in Dodging
 12273 | D:9      | You fall into a shaft and drop 2 floors!
 12273 | D:9      | The shaft crumbles and collapses.
 12291 | D:11     | Noticed a two-headed ogre
 12292 | D:11     | Noticed a cyclops
 12296 | D:10     | Entered Level 10 of the Dungeon
 12323 | D:10     | Learned a level 3 spell: Tukima's Dance
 13127 | D:10     | Noticed a two-headed ogre
 13134 | D:10     | Killed a two-headed ogre
 13135 | D:10     | Reached skill level 11 in Dodging
 13135 | D:10     | Reached skill level 10 in Hexes
 13240 | D:10     | Found a staircase to the Orcish Mines.
 13240 | D:10     | Noticed a two-headed ogre
 13243 | D:10     | Killed a two-headed ogre
 13244 | D:10     | Reached XP level 11. HP: 48/48 MP: 18/23
 13279 | D:10     | Reached skill level 1 in Fighting
 13594 | D:11     | Noticed a two-headed ogre
 13599 | D:11     | Killed a two-headed ogre
 13685 | D:11     | Noticed a two-headed ogre
 13695 | D:11     | Killed a two-headed ogre
 13770 | D:11     | Reached skill level 12 in Dodging
 13978 | D:11     | Noticed a green ugly thing
 14026 | D:11     | Noticed a centaur warrior
 14031 | D:11     | Killed a centaur warrior
 14048 | D:11     | Noticed a death knight
 14060 | D:11     | Mangled by a death knight

Illustrated notes

Levels and vault maps discovered:
D:1:      dpeg_arrival_round_c, layout_basic,
          shapermc_ecumenical_altar_rom_forum, serial_shops,
          nicolae_shop_hallway_stairs, nicolae_shop_stone, shop,
          minmay_misc_feat_columns, minmay_three_crescents
D:2:      minmay_inner_zag, layout_rooms
D:3:      minmay_diamond_boxcup, layout_basic, grunt_ministairs_12,
          kennysheep_donut, wad_floor_pattern_untrapped, minivault_25
D:4:      layout_loops_ring, nzn_wu_jian_council_hall,
          mainiacjoe_overflow_concentric_impassable,
          minmay_temple_entry_enclosed_plants, uniq_grinder, uniq_blork_the_orc
D:5:      layout_basic, uniq_pikel
D:6:      layout_loops_ring, overflow_temple_1_default, st_stairs_9, uniq_maggie
D:7:      layout_loops_ring, grunt_temple_overflow_cloverleaf
D:8:      kennysheep_blocky_hall, layout_loops_ring, fedhas_ov_isle_minmay,
          mainiacjoe_overflow_catwalk
D:9:      wad_river_or_something, layout_basic, minivault_16
D:10:     layout_rooms, lightli_temple_of_fire, gammafunk_temple_overflow_claw,
          erik_lair_dragon
D:11:     cheibrodos_barr_body, layout_rooms, gauntlet_entry_generic, kb_rosetta
Temple:   dpeg_three_leaves_temple

Skill      XL: |  1  2  3  4  5  6  7  8  9 10 11 |
---------------+----------------------------------+-----
Spellcasting   | 3 5 7 |  7.5
Hexes          | 4 5 7 8 10 | 10.0
Stealth        | 5 6 7 10 11 | 11.9
Short Blades   | 2 3 5 7 8 9 |  9.4
Ice Magic      | 1 2 |  2.2
Translocations | 1 3 5 |  5.8
Dodging        | 4 8 11 12 | 12.2
Fighting       | 3 |  3.0

Action                   |  1- 3 |  4- 6 |  7- 9 | 10-12 || total
-------------------------+-------+-------+-------+-------++-------
Melee: Dagger            |    72 |   106 |   176 |   182 ||   536
       Punch             |     1 |       |     2 |     2 ||     5
 Cast: Ensorcelled Hiber |    31 |    39 |    76 |   106 ||   252
       Confusing Touch   |       |     2 |     5 |     8 ||    15
       Blink             |       |       |     1 |     3 ||     4
       Tukima's Dance    |       |       |       |     2 ||     2
  Use: Scroll            |       |       |     9 |       ||     9
       Potion            |       |       |       |     3 ||     3
 Stab: Sleeping          |    14 |    37 |    68 |    55 ||   174
       Confused          |       |     1 |     4 |     6 ||    11
       Distracted        |       |       |     1 |       ||     1
Armor: Robe              |     7 |    10 |       |       ||    17
       Acid dragon scale |       |       |     3 |    22 ||    25
Dodge: Dodged            |    66 |    65 |   130 |   258 ||   519
